 Dungeon Crawl Stone Soup version 0.32-a0-818-gb728d0252e (webtiles) character file.

Game seed: 4530950810835093556

109 porpoise the Poker (level 4, 0/35 HPs)
             Began as a Demonspawn Gladiator on Mar 24, 2024.
             Slain by an orc
             ... wielding a +0 whip
              (3 damage)
             ... on level 3 of the Dungeon.
             The game lasted 00:03:58 (1918 turns).

porpoise the Poker (Demonspawn Gladiator)           Turns: 1918, Time: 00:03:58

Health: 0/35       AC:  6    Str: 17    XL:     4   Next: 60%
Magic:  4/4        EV: 11    Int:  8    God:
Gold:   134        SH:  4    Dex: 14    Spells: 3/3 levels left

rFire   + . .        a - +0 trident
rCold   . . .        (no shield)
rNeg    . . .        b - +0 leather armour
rPois   .            (helmet restricted)
rElec   .            f - +2 cloak
rCorr   .            (no gloves)
SInv    .            (no boots)
Will    .....        (no amulet)
Stlth   +            j - ring of protection from fire
HPRegen 0.25/turn    (no ring)
MPRegen 0.09/turn

%: no passive effects
@: no status effects
A: antennae 1, condensation shield, demonic magic 1
a: no special abilities


You were on level 3 of the Dungeon.
You visited 1 branch of the dungeon, and saw 3 of its levels.

You collected 134 gold pieces.

Inventory:

Hand Weapons
 a - a +0 trident (weapon)
Missiles
 d - 4 throwing nets (quivered)
 e - 5 javelins
Armour
 b - a +0 leather armour (worn)
 f - a +2 cloak (worn)
Jewellery
 c - an amulet of faith
 j - a ring of protection from fire (left hand)
Wands
 m - a wand of iceblast (9)
Scrolls
 g - a scroll of teleportation {unknown}
 h - a scroll of fog {unknown}
 i - a scroll of noise {unknown}
 l - a scroll of poison {unknown}
Potions
 k - 2 potions of curing {unknown}


   Skills:
 + Level 3.2 Fighting
 * Level 4.3 Polearms
 - Level 1.7 Throwing
 - Level 2.6 Dodging


You had 3 spell levels left.
You didn't know any spells.
Your spell library was empty.

Dungeon Overview and Level Annotations

Branches:
Dungeon (2/15)

Altars:

Annotations:
D:3 Robin


Innate Abilities, Weirdness & Mutations

You have a pair of small antennae on your head.
A meltable shield of frost defends you. (SH +4)
Spells you cast may paralyse adjacent enemies.


Message History

You puncture the goblin!
You kill the goblin!
The goblin barely misses you.
An orc comes into view. It is wielding a +0 whip.
The goblin hits you with a +0 club.
You hit the goblin.
The goblin is moderately wounded.
A quokka comes into view.
The goblin barely misses you. The goblin hits you but does no damage.
Robin hits you from afar with a +0 spear.
* * * LOW HITPOINT WARNING * * *
The goblin barely misses you.
You closely miss the goblin.
The goblin is moderately wounded.
An orc comes into view. It is wielding a +0 mace.
The goblin completely misses you. The goblin hits you with a +0 club.
* * * LOW HITPOINT WARNING * * *
Robin throws the goblin at you! The goblin hits you but does no damage.
The goblin hits you but does no damage. Robin hits you but does no damage.
Things that are here:
a +0 dagger; a ring of willpower Unknown command.
You hit Robin.
Robin is moderately wounded.
The orc closely misses you. The goblin completely misses you.
Robin hits you but does no damage. The goblin hits you with a +0 club.
* * * LOW HITPOINT WARNING * * *
The goblin hits the plant with a +0 club.
The plant begins to die.
The quokka bites the plant.
You barely miss Robin.
Robin is moderately wounded.
The goblin hits you but does no damage. The orc closely misses you.
The quokka bites the plant.
Robin completely misses you. The goblin closely misses you.
The goblin hits the plant with a +0 club.
You puncture Robin!
Robin is almost dead.
The quokka bites the plant.
You block the goblin's attack. The orc hits you with a +0 whip.
You die...

.. #. #. .# ##.
♣..##.. .P.♣.♣♣ .
♣.og♣
..♣♣♣♣.o@♣♣♣♣♣
.....♣.gPgg..♣
♣♣P..†♣♣rg...♣
♣.?.....♣♣...#
♣♣♣♣♣♣.....♣♣#
♣.♣♣)♣♣.♣§♣
♣P♣P..†)§P♣♣####
♣P....§)♣P.....#
#....♣♣.P.....P#.#


You could see Robin, 2 orcs, a quokka and 4 goblins.

Vanquished Creatures
  Jessica (D:2)
  2 adders (D:2)
  3 dart slugs (D:2)
  2 ribbon worms (D:2)
  4 orcs (D:3)
  5 ball pythons
  A bat (D:1)
  3 endoplasms
  2 giant cockroaches (D:1)
  8 goblins
  3 hobgoblins
  2 jackals (D:3)
  5 quokkas
  2 kobolds
  4 rats (D:1)
47 creatures vanquished.

Notes
Turn   | Place    | Note
-------+----------+-------------------------------------------
     0 | D:1      | porpoise the Demonspawn Gladiator began the quest for the
                  | Orb.
     0 | D:1      | Reached XP level 1. HP: 16/16 MP: 1/1
    71 | D:1      | Reached skill level 3 in Polearms
   115 | D:1      | Gained mutation: A meltable shield of frost defends you.
                  | (SH +4) [demonic ancestry]
   115 | D:1      | Reached XP level 2. HP: 16/22 MP: 2/2
  1022 | D:2      | Gained mutation: Spells you cast may paralyse adjacent
                  | enemies. [demonic ancestry]
  1022 | D:2      | Reached XP level 3. HP: 28/28 MP: 3/3
  1290 | D:2      | Noticed Jessica
  1295 | D:2      | Killed Jessica
  1296 | D:2      | Reached skill level 4 in Polearms
  1296 | D:2      | Gained mutation: You have a pair of small antennae on your
                  | head. [demonic ancestry]
  1296 | D:2      | Reached XP level 4. HP: 13/35 MP: 4/4
  1854 | D:2      | You fall into a shaft and drop 1 floor!
  1905 | D:3      | Noticed Robin
  1918 | D:3      | Slain by an orc

Illustrated notes

Levels and vault maps discovered:
D:1:      erik_arrival_cave_to_civilisation [erik_arrival_cave_to_hall],
          layout_basic, hex_tiny
D:2:      layout_basic, uniq_jessica
D:3:      wad_woods_tower, layout_basic, basic_ecumenical_altar, uniq_ijyb,
          uniq_robin

Skill      XL: |  1  2  3 |
---------------+----------+-----
Polearms       | 3 4 |  4.3
Fighting       | 3 |  3.2
Throwing       | |  1.7
Dodging        | |  2.6

Action                     |  1- 3 |  4- 6 || total
---------------------------+-------+-------++-------
  Melee: Trident           |    95 |    69 ||   164
   Stab: Distracted        |     1 |       ||     1
         Sleeping          |     1 |       ||     1
 Armour: Leather armour    |    53 |    57 ||   110
  Dodge: Dodged            |    35 |    53 ||    88
  Block: Other             |    10 |    14 ||    24

Table legend: (Time is in decaauts)
 A = Elapsed time spent in this place.
 B = Non-inter-level travel time spent in this place.
 C = Inter-level travel time spent in this place.
 D = Time resting spent in this place.
 E = Time spent auto-exploring this place.
 F = Levels seen in this place.
 G = Mean time per level.
                   A        B        C        D        E       F      G
               +--------+--------+--------+--------+--------+-----+--------+
         Total |   1935 |   1921 |     14 |    248 |   1335 |   3 |  645.0 |
       Dungeon |   1935 |   1921 |     14 |    248 |   1335 |   3 |  645.0 |
               +--------+--------+--------+--------+--------+-----+--------+

Top non-repeatable levels by time:
     D:1: 988 daAuts
     D:2: 880 daAuts
     D:3: 66 daAuts
